 Dungeon Crawl Stone Soup version 0.32-a0-361-g289a535e89 (webtiles) character file.

Game seed: 13442750668482351546

123 CougarLife the Digger (level 5, 0/28 HPs)
             Began as a Gargoyle Earth Elementalist on Feb 18, 2024.
             Slain by a gnoll sergeant
             ... wielding a +6 trident of protection
              (6 damage)
             ... on level 3 of the Dungeon.
             The game lasted 00:01:55 (2755 turns).

CougarLife the Digger (Gargoyle Earth Elementalist) Turns: 2755, Time: 00:01:56

Health: 0/28       AC:  7    Str: 12    XL:     5   Next: 7%
Magic:  5/9        EV: 11    Int: 17    God:
Gold:   87         SH:  0    Dex: 10    Spells: 9/10 levels left

rFire   . . .        g - +0 dagger
rCold   . . .        (no shield)
rNeg    + . .        a - +0 robe
rPois   ∞            h - +0 helmet
rElec   +            (no cloak)
rCorr   .            (no gloves)
SInv    .            (no boots)
Will    .....        (no amulet)
Stlth   ++           (no ring)
HPRegen 0.24/turn    (no ring)
MPRegen 0.11/turn

%: no passive effects
@: no status effects
A: sickness immunity, AC +4, negative energy resistance 1, electricity
resistance, torment resistance 1, petrification resistance
a: no special abilities


You were on level 3 of the Dungeon.
You visited 1 branch of the dungeon, and saw 3 of its levels.

You collected 87 gold pieces.

Inventory:

Hand Weapons
 g - a +0 dagger (weapon)
Missiles
 q - a throwing net
Armour
 a - a +0 robe (worn)
 h - a +0 helmet (worn)
Jewellery
 m - an amulet of magic regeneration
 p - a ring of flight
Scrolls
 c - 2 scrolls of amnesia {unknown}
 d - 2 scrolls of teleportation {unknown}
 f - 2 scrolls of brand weapon {unknown}
 i - a scroll of silence {unknown}
 j - 6 scrolls of identify {unknown}
 n - a scroll of noise {unknown}
Potions
 b - 2 potions of magic
 e - a potion of enlightenment {unknown}
 k - a potion of curing {unknown}
 l - 2 potions of haste {unknown}
 o - a potion of might {unknown}


   Skills:
 - Level 1.5 Dodging
 - Level 2.1 Stealth
 + Level 3.1 Spellcasting
 + Level 3.0 Conjurations
 + Level 4.9 Earth Magic


You had 9 spell levels left.
You knew the following spells:

 Your Spells              Type           Power      Damage    Failure   Level
a - Sandblast             Erth           38%        2d10      2%          1

Your spell library contained the following spells:

 Spells                   Type           Power      Damage    Failure   Level
 Passwall                 Erth           19%        N/A       7%          3
 Stone Arrow              Conj/Erth      32%        3d9       10%         3
 Brom's Barrelling Bould  Conj/Erth      16%        2d4       32%         4
 Petrify                  Alch/Erth      11%        N/A       54%         4


Dungeon Overview and Level Annotations

Branches:
Dungeon (3/15)

Altars:
Fedhas


Innate Abilities, Weirdness & Mutations

You are immune to sickness and miasma.
Your stone body is resilient. (AC +4)
You are immune to poison.
You resist negative energy. (rN+)
You are resistant to electric shocks. (rElec)
You are resistant to unholy torment.
You are immune to petrification.


Message History

The dart slug is heavily wounded.
A dart slug is nearby!
A dart slug is nearby!
The blast of sand hits the dart slug!
You kill the dart slug!
A gnoll is nearby!
A gnoll is nearby!
You can't see any susceptible monsters within range! (Use Z to cast anyway.)
You see here a +0 hand axe.
You see here a +0 hand axe.
You see here a +0 hand axe.
The gnoll sergeant shouts!
You hear a shout!
An orc comes into view. It is wielding a +0 dagger.
You see here a +0 hand axe.
You see here a dart slug corpse.
Found a stone staircase leading down.
A rat comes into view.
The blast of sand hits the gnoll sergeant but does no damage.
The gnoll sergeant barely misses you.
The blast of sand hits the gnoll sergeant but does no damage.
The gnoll sergeant hits you from afar with a +6 trident of protection! x2
* * * LOW HITPOINT WARNING * * *
You are too injured to fight recklessly!
You are too injured to fight recklessly!
Casting: Sandblast (safe; 2% risk of failure)
Confirm with . or Enter, or press ? or * to list all spells.
Aiming: Sandblast (safe; 2% risk of failure)
Press: ? - help, Shift-Dir - straight line, f/p - gnoll sergeant
Aim: a gnoll sergeant, wielding a +6 trident of protection, wearing a +0 ring mail and wearing a +0 buckler (87% to hit)
The blast of sand hits the gnoll sergeant.
The gnoll sergeant is lightly wounded.
The gnoll sergeant closely misses you.
Casting: Sandblast (safe; 2% risk of failure)
Confirm with . or Enter, or press ? or * to list all spells.
Aiming: Sandblast (safe; 2% risk of failure)
Press: ? - help, Shift-Dir - straight line, f/p - gnoll sergeant
Aim: a gnoll sergeant, wielding a +6 trident of protection, wearing a +0 ring mail and wearing a +0 buckler (lightly wounded, 87% to hit)
The gnoll sergeant blocks the blast of sand.
The gnoll sergeant hits you from afar with a +6 trident of protection.
You die... #gg

#................. #.##...#
#..........# # ##.#..#.......
#.##.#########.##....#.####.#
#r.......og.@..##.#..#.#).+.'
####....#######....#.#..#.#
####..## #._..#.##'#.#
##..### #..).#....[.. #..†..#
#.#).#.##'#.# #...g.#
#....#.#[.#.#
#.....###..<.#.#..#.#
#####o..#.##.#.####.#
###)#....#.......


You could see a gnoll sergeant and an orc.

Vanquished Creatures
  5 gnolls
  An adder (D:2)
  2 dart slugs (D:3)
  A ribbon worm (D:2)
  3 ball pythons
  2 endoplasms (D:1)
  2 giant cockroaches
  2 goblins (D:1)
  3 hobgoblins
  A quokka (D:2)
  5 bats
  2 frilled lizards (D:1)
  5 kobolds
  4 rats
38 creatures vanquished.

Notes
Turn   | Place    | Note
-------+----------+-------------------------------------------
     0 | D:1      | CougarLife the Gargoyle Earth Elementalist began the quest
                  | for the Orb.
     0 | D:1      | Reached XP level 1. HP: 10/10 MP: 3/3
   138 | D:1      | Reached XP level 2. HP: 15/15 MP: 3/5
   226 | D:1      | Reached skill level 4 in Earth Magic
   507 | D:1      | Reached XP level 3. HP: 19/19 MP: 3/6
  1657 | D:2      | Reached XP level 4. HP: 21/24 MP: 4/8
  2284 | D:3      | Noticed a gnoll sergeant
  2284 | D:3      | Found a blossoming altar of Fedhas.
  2626 | D:3      | Reached XP level 5. HP: 28/28 MP: 7/9
  2755 | D:3      | Slain by a gnoll sergeant

Illustrated notes

Levels and vault maps discovered:
D:1:      minmay_arrival_four_circles, layout_basic, grunt_decor_junction
D:2:      layout_basic, serial_aquarium, aquarium_bridge_island_small
          [aquarium_subvault_small_water, aquarium_subvault_bridge,
          aquarium_subvault_bridge, aquarium_subvault_bridge,
          aquarium_subvault_bridge], aquarium_window_fake, aquarium_window_fake,
          aquarium_window_fake, aquarium_window_2, aquarium_view_2d,
          aquarium_view_2e
D:3:      minmay_door_path, layout_basic, grunt_gozag_breadcrumbs,
          mainiacjoe_overflow_tiny_flanked, shapermc_ecumenical_altar_gd

Skill      XL: |  1  2  3  4  5 |
---------------+----------------+-----
Earth Magic    | 4 |  4.9
Conjurations   | 2 3 |  3.0
Spellcasting   | 3 |  3.1
Dodging        | |  1.5
Stealth        | |  2.1

Action                     |  1- 3 |  4- 6 || total
---------------------------+-------+-------++-------
  Melee: Unarmed           |     3 |       ||     3
   Cast: Sandblast         |    32 |    25 ||    57
 Armour: Robe              |    11 |    12 ||    23
  Dodge: Dodged            |    12 |    10 ||    22

Table legend: (Time is in decaauts)
 A = Elapsed time spent in this place.
 B = Non-inter-level travel time spent in this place.
 C = Inter-level travel time spent in this place.
 D = Time resting spent in this place.
 E = Time spent auto-exploring this place.
 F = Levels seen in this place.
 G = Mean time per level.
                   A        B        C        D        E       F      G
               +--------+--------+--------+--------+--------+-----+--------+
         Total |   2782 |   2551 |    231 |     98 |   2201 |   3 |  927.3 |
       Dungeon |   2782 |   2551 |    231 |     98 |   2201 |   3 |  927.3 |
               +--------+--------+--------+--------+--------+-----+--------+

Top non-repeatable levels by time:
     D:2: 1415 daAuts
     D:1: 1072 daAuts
     D:3: 294 daAuts
